General information
- name: BNet
- type: Ladder team game (AT/RT)
- host: Battle.net
- saver: 49er
map: GolemsInTheMist
- players: 8
- length: 41:39
- speed: Fast
- version: 1.27 W3XP
- replay type: Public
» download(176 KB)
Players
team 1 (winner)
1stTime (
yellow | 49 APM | 2040 actions | 41:39)
9 Priestess of the Moon
3 Trueshot Aura
2 Scout
1 Starfall
3 Searing Arrows
» actions
| Assign group hotkey | 60 | |
| Basic commands | 225 | |
| Build / train | 116 | |
| Enter build submenu | 24 | |
| Enter hero's abilities submenu | 8 | |
| Remove unit from queue | 2 | |
| Right click | 636 | |
| Select / deselect | 297 | |
| Select group hotkey | 597 | |
| Use ability | 75 | |
2040 total
» units
| Wisp | 26 | |
| Archer | 7 | |
| Goblin Shredder | 3 | |
| Chimaera | 20 | |
| Hippogryph | 33 | |
89 total
» upgrades
| Strength of the Wild | 3 | |
| Reinforced Hides | 3 | |
| Corrosive Breath | 1 | |
7 total
» buildings
| Moon Well | 8 | |
| Tree of Life | 7 | |
| Altar of Elders | 1 | |
| Ancient of War | 1 | |
| Tree of Ages | 4 | |
| Tree of Eternity | 1 | |
| Ancient of Wind | 3 | |
| Hunter's Hall | 1 | |
| Chimaera Roost | 4 | |
| Ancient of Wonders | 1 | |
31 total
» build order
00:32 Moon Well
01:16 Tree of Life
01:41 Altar of Elders
02:01 Ancient of War
02:14 Moon Well
03:00 Tree of Ages
03:01 Tree of Ages
04:00 Moon Well
05:24 Tree of Eternity
06:02 Ancient of Wind
06:04 Hunter's Hall
06:08 Moon Well
06:08 Moon Well
06:10 Moon Well
06:10 Moon Well
06:11 Moon Well
07:49 Chimaera Roost
07:50 Chimaera Roost
07:50 Chimaera Roost
07:51 Chimaera Roost
09:02 Tree of Life
10:59 Ancient of Wind
11:02 Ancient of Wind
12:26 Ancient of Wonders
17:11 Tree of Life
21:11 Tree of Life
22:03 Tree of Life
29:27 Tree of Life
32:24 Tree of Life
» items
| Scroll of Town Portal | 1 | |
| Anti-magic Potion | 1 | |
2 total
49er (
purple | 28 APM | 1146 actions | 41:39)
3 Mountain King
2 Storm Bolt
1 Bash
» actions
| Assign group hotkey | 4 | |
| Basic commands | 21 | |
| Build / train | 93 | |
| Enter build submenu | 60 | |
| Enter hero's abilities submenu | 3 | |
| Remove unit from queue | 8 | |
| Right click | 374 | |
| Select / deselect | 391 | |
| Select group hotkey | 57 | |
| Use ability | 133 | |
1146 total
» units
| Peasant | 13 | |
| Goblin Shredder | 2 | |
| Goblin Sapper | 4 | |
| Goblin Zeppelin | 1 | |
| Mortar Team | 3 | |
| Flying Machine | 5 | |
28 total
» upgrades
| Masonry | 3 | |
| Gunpowder | 3 | |
| Plating | 3 | |
| Barrage | 1 | |
| Armor | 3 | |
| Fragmentation Shards | 1 | |
| Flare | 1 | |
| Flak Cannons | 1 | |
| Flying Machine Bombs | 1 | |
17 total
» buildings
| Town Hall | 5 | |
| Scout Tower | 65 | |
| Arcane Tower | 1 | |
| Lumber Mill | 1 | |
| Keep | 1 | |
| Blacksmith | 2 | |
| Guard Tower | 30 | |
| Workshop | 2 | |
| Farm | 7 | |
| Altar of Kings | 1 | |
| Castle | 1 | |
| Arcane Vault | 1 | |
117 total
» build order
12:32 Town Hall
12:37 Scout Tower
13:17 Arcane Tower
14:46 Lumber Mill
15:54 Keep
17:55 Blacksmith
18:00 Blacksmith
18:02 Scout Tower
18:04 Scout Tower
18:06 Scout Tower
18:08 Scout Tower
18:10 Scout Tower
18:14 Scout Tower
18:17 Scout Tower
18:32 Guard Tower
18:33 Guard Tower
18:40 Guard Tower
18:44 Scout Tower
18:45 Scout Tower
18:49 Scout Tower
18:59 Scout Tower
19:02 Scout Tower
19:05 Scout Tower
19:09 Scout Tower
19:21 Guard Tower
19:24 Workshop
19:24 Workshop
19:29 Guard Tower
19:50 Guard Tower
20:38 Farm
20:45 Farm
20:45 Farm
20:48 Farm
20:56 Altar of Kings
21:18 Castle
22:54 Farm
22:57 Farm
23:00 Farm
24:21 Town Hall
24:27 Scout Tower
24:28 Scout Tower
24:29 Scout Tower
24:30 Scout Tower
24:33 Scout Tower
24:34 Scout Tower
24:35 Scout Tower
24:36 Scout Tower
24:37 Scout Tower
24:39 Scout Tower
24:41 Scout Tower
26:29 Town Hall
26:34 Scout Tower
26:34 Scout Tower
26:35 Scout Tower
26:35 Scout Tower
26:37 Scout Tower
26:39 Scout Tower
26:45 Scout Tower
26:45 Scout Tower
26:46 Scout Tower
26:47 Scout Tower
26:48 Scout Tower
26:50 Scout Tower
26:50 Scout Tower
26:50 Scout Tower
26:52 Scout Tower
26:53 Scout Tower
27:07 Guard Tower
27:10 Guard Tower
27:11 Guard Tower
27:11 Guard Tower
27:52 Guard Tower
28:07 Guard Tower
28:19 Guard Tower
29:50 Guard Tower
29:56 Arcane Vault
33:16 Town Hall
33:28 Scout Tower
33:28 Scout Tower
33:29 Scout Tower
33:32 Scout Tower
33:33 Scout Tower
33:34 Scout Tower
33:35 Scout Tower
33:36 Scout Tower
33:38 Scout Tower
33:39 Scout Tower
33:55 Guard Tower
33:55 Guard Tower
33:56 Guard Tower
33:57 Guard Tower
33:57 Guard Tower
34:00 Guard Tower
34:31 Guard Tower
34:52 Guard Tower
34:55 Guard Tower
37:47 Town Hall
37:49 Scout Tower
37:49 Scout Tower
37:50 Scout Tower
37:51 Scout Tower
37:52 Scout Tower
37:52 Scout Tower
37:53 Scout Tower
37:55 Scout Tower
37:56 Scout Tower
37:57 Scout Tower
37:58 Scout Tower
38:00 Scout Tower
38:01 Scout Tower
38:17 Guard Tower
38:22 Guard Tower
38:54 Guard Tower
39:17 Guard Tower
39:19 Guard Tower
40:05 Guard Tower
» items
| Scroll of Regeneration | 1 | |
| Scroll of Town Portal | 2 | |
3 total
DAK- (
blue | 31 APM | 1307 actions | 41:39)
8 Shadow Hunter
3 Hex
3 Serpent Ward
1 Big Bad Voodoo
1 Healing Wave
» actions
| Assign group hotkey | 60 | |
| Basic commands | 2 | |
| Build / train | 51 | |
| Enter build submenu | 23 | |
| Enter hero's abilities submenu | 8 | |
| Give item / drop item | 4 | |
| Right click | 849 | |
| Select / deselect | 194 | |
| Select group hotkey | 17 | |
| Use ability | 99 | |
1307 total
» units
| Peon | 17 | |
| Grunt | 12 | |
| Raider | 3 | |
| Troll Batrider | 2 | |
34 total
» upgrades
| Berserker Strength | 1 | |
| Ensnare | 1 | |
| Pillage | 1 | |
| Melee Weapons | 1 | |
| Ranged Weapons | 1 | |
5 total
» buildings
| Barracks | 2 | |
| Orc Burrow | 6 | |
| Altar of Storms | 1 | |
| Great Hall | 1 | |
| Stronghold | 1 | |
| Fortress | 1 | |
| Beastiary | 3 | |
| War Mill | 1 | |
| Watch Tower | 4 | |
| Voodoo Lounge | 1 | |
21 total
» build order
00:06 Barracks
00:08 Barracks
00:22 Orc Burrow
01:46 Altar of Storms
02:13 Orc Burrow
02:29 Orc Burrow
05:32 Orc Burrow
06:41 Great Hall
07:00 Stronghold
09:28 Fortress
09:35 Beastiary
09:39 Beastiary
09:45 Beastiary
11:17 War Mill
12:58 Watch Tower
12:59 Watch Tower
13:01 Watch Tower
14:30 Orc Burrow
14:37 Orc Burrow
16:07 Voodoo Lounge
18:15 Watch Tower
» items
team 2 (loser)

»
Shadowlord (
red | 33 APM | 1377 actions | 41:39)
10 Far Seer
3 Feral Spirit
3 Chain Lighting
1 Earth Quake
3 Far Sight
» actions
| Basic commands | 24 | |
| Build / train | 95 | |
| Enter build submenu | 37 | |
| Enter hero's abilities submenu | 9 | |
| Give item / drop item | 1 | |
| Remove unit from queue | 9 | |
| Right click | 558 | |
| Select / deselect | 438 | |
| Use ability | 206 | |
1377 total
» units
| Peon | 30 | |
| Grunt | 2 | |
| Raider | 10 | |
| Troll Batrider | 12 | |
| Goblin Zeppelin | 1 | |
55 total
» upgrades
| Spiked Barricades | 1 | |
| Armor | 2 | |
| Berserker Strength | 1 | |
| Melee Weapons | 3 | |
| Ensnare | 1 | |
| Pillage | 1 | |
| Ranged Weapons | 1 | |
10 total
» buildings
| Altar of Storms | 2 | |
| Orc Burrow | 12 | |
| Barracks | 1 | |
| Voodoo Lounge | 2 | |
| War Mill | 2 | |
| Stronghold | 2 | |
| Watch Tower | 21 | |
| Fortress | 1 | |
| Spirit Lodge | 1 | |
| Beastiary | 8 | |
| Great Hall | 4 | |
56 total
» build order
00:08 Altar of Storms
00:11 Orc Burrow
01:03 Barracks
01:25 Orc Burrow
02:11 Voodoo Lounge
02:41 Orc Burrow
03:21 War Mill
03:49 Stronghold
04:57 Watch Tower
05:42 Watch Tower
05:43 Watch Tower
06:50 Fortress
06:54 Spirit Lodge
06:56 Beastiary
07:56 Great Hall
08:49 Beastiary
09:05 Watch Tower
10:43 Orc Burrow
11:58 Orc Burrow
14:24 Watch Tower
14:25 Watch Tower
14:26 Watch Tower
14:29 Watch Tower
14:29 Watch Tower
14:31 Watch Tower
19:01 Orc Burrow
21:12 Great Hall
21:13 Great Hall
22:21 Altar of Storms
22:23 Watch Tower
22:24 Watch Tower
22:25 Watch Tower
22:25 Watch Tower
22:26 Watch Tower
22:27 Watch Tower
25:04 Watch Tower
25:05 Watch Tower
25:05 Watch Tower
25:07 Watch Tower
25:38 Stronghold
25:43 War Mill
28:01 Beastiary
28:02 Beastiary
28:02 Beastiary
28:06 Beastiary
29:14 Voodoo Lounge
32:01 Orc Burrow
33:05 Beastiary
34:01 Orc Burrow
34:02 Orc Burrow
36:38 Great Hall
» items
| Healing Salve | 3 | |
| Lesser Clarity Potion | 2 | |
| Scroll of Town Portal | 2 | |
7 total

»
iamnoobkillme (
teal | 68 APM | 2843 actions | 41:39)
5 Demon Hunter
2 Evasion
3 Mana Burn
1 Crypt Lord
1 Carrion Beetles
1 Death Knight
1 Death Coil
3 Keeper of the Grove
2 Entangling Roots
1 Thorns Aura
» actions
| Assign group hotkey | 28 | |
| Basic commands | 20 | |
| Build / train | 142 | |
| Enter build submenu | 51 | |
| Enter hero's abilities submenu | 10 | |
| Give item / drop item | 1 | |
| Right click | 1413 | |
| Select / deselect | 635 | |
| Select group hotkey | 423 | |
| Use ability | 120 | |
2843 total
» units
| Wisp | 43 | |
| Acolyte | 1 | |
| Ghoul | 7 | |
| Goblin Shredder | 1 | |
| Necromancer | 2 | |
| Meatwagon | 2 | |
| Hippogryph | 36 | |
| Goblin Zeppelin | 1 | |
93 total
» upgrades
| Cannibalize | 1 | |
| Strength of the Wild | 1 | |
| Reinforced Hides | 2 | |
| Ultravision | 1 | |
| Skeletal Longevity | 1 | |
| Skeletal Mastery | 1 | |
| Exhume Corpses | 1 | |
| Disease Cloud | 1 | |
| Necromancer Training | 2 | |
| Banshee Training | 1 | |
| Nature's Blessing | 1 | |
| Corrosive Breath | 1 | |
14 total
» buildings
| Ancient of War | 2 | |
| Moon Well | 12 | |
| Ancient of Wonders | 1 | |
| Altar of Elders | 2 | |
| Crypt | 2 | |
| Nerubian Tower | 1 | |
| Tomb of Relics | 1 | |
| Ziggurat | 6 | |
| Graveyard | 1 | |
| Hunter's Hall | 2 | |
| Halls of the Dead | 1 | |
| Spirit Tower | 3 | |
| Tree of Ages | 1 | |
| Ancient Protector | 7 | |
| Tree of Life | 6 | |
| Black Citadel | 1 | |
| Temple of the Damned | 2 | |
| Slaughterhouse | 2 | |
| Tree of Eternity | 1 | |
| Ancient of Wind | 5 | |
| Chimaera Roost | 3 | |
62 total
» build order
00:24 Ancient of War
00:33 Moon Well
00:42 Ancient of Wonders
01:28 Altar of Elders
01:43 Crypt
01:46 Nerubian Tower
02:00 Moon Well
02:32 Moon Well
02:44 Tomb of Relics
02:56 Ziggurat
03:03 Graveyard
03:12 Crypt
03:24 Ancient of War
03:33 Hunter's Hall
04:11 Ziggurat
05:36 Halls of the Dead
05:37 Spirit Tower
05:42 Spirit Tower
05:48 Spirit Tower
05:58 Tree of Ages
06:04 Ancient Protector
06:12 Moon Well
07:16 Ancient Protector
07:59 Tree of Life
08:04 Black Citadel
08:16 Temple of the Damned
08:20 Temple of the Damned
08:27 Slaughterhouse
08:34 Slaughterhouse
08:47 Ancient Protector
08:51 Ancient Protector
08:55 Ancient Protector
09:00 Ancient Protector
09:12 Tree of Eternity
09:23 Ancient of Wind
09:28 Ancient of Wind
09:33 Ancient of Wind
09:38 Moon Well
09:41 Moon Well
09:45 Moon Well
09:47 Moon Well
09:48 Moon Well
11:09 Moon Well
12:05 Chimaera Roost
12:09 Chimaera Roost
12:21 Chimaera Roost
12:30 Ziggurat
12:32 Ziggurat
12:34 Ziggurat
12:36 Ziggurat
15:35 Ancient Protector
20:05 Ancient of Wind
21:31 Ancient of Wind
27:45 Tree of Life
28:37 Tree of Life
32:48 Altar of Elders
33:25 Moon Well
35:03 Tree of Life
36:47 Tree of Life
37:07 Hunter's Hall
37:15 Moon Well
38:40 Tree of Life
» items
| Dust of Appearance | 1 | |
| Orb of Corruption | 1 | |
| Orb of Venom | 1 | |
| Anti-magic Potion | 2 | |
| Potion of Healing | 4 | |
| Lesser Clarity Potion | 1 | |
| Staff of Preservation | 1 | |
| Scroll of Town Portal | 2 | |
13 total

»
CHRONICtOKE. (
pink | 20 APM | 22 actions | 01:07)
» actions
| Build / train | 2 | |
| Enter build submenu | 3 | |
| Right click | 8 | |
| Select / deselect | 6 | |
| Use ability | 3 | |
22 total
» units
» buildings
| Ziggurat | 2 | |
| Altar of Darkness | 1 | |
3 total
» build order
00:48 Ziggurat
00:49 Ziggurat
00:53 Altar of Darkness

»
Escapemisery11 (
green | 21 APM | 448 actions | 21:01)
3 Archmage
1 Summon Water Elemental
1 Blizzard
1 Brilliance Aura
» actions
| Build / train | 69 | |
| Enter build submenu | 20 | |
| Enter hero's abilities submenu | 3 | |
| Give item / drop item | 2 | |
| Right click | 198 | |
| Select / deselect | 121 | |
| Use ability | 35 | |
448 total
» units
| Peasant | 13 | |
| Footman | 10 | |
| Rifleman | 2 | |
| Dragonhawk Rider | 9 | |
| Knight | 3 | |
| Siege Engine | 8 | |
45 total
» upgrades
| Swords | 4 | |
| Plating | 3 | |
| Armor | 2 | |
| Lumber Harvesting | 1 | |
| Cloud | 1 | |
| Animal War Training | 1 | |
| Gunpowder | 2 | |
| Barrage | 1 | |
15 total
» buildings
| Altar of Kings | 1 | |
| Barracks | 1 | |
| Farm | 10 | |
| Lumber Mill | 1 | |
| Blacksmith | 1 | |
| Arcane Vault | 1 | |
| Keep | 1 | |
| Gryphon Aviary | 1 | |
| Castle | 1 | |
| Town Hall | 2 | |
| Workshop | 1 | |
21 total
» build order
00:11 Altar of Kings
00:15 Barracks
00:20 Farm
02:03 Farm
02:21 Lumber Mill
02:44 Farm
02:48 Farm
03:15 Blacksmith
03:24 Farm
04:21 Arcane Vault
04:50 Farm
05:32 Farm
05:40 Farm
07:10 Keep
07:54 Farm
09:37 Gryphon Aviary
09:45 Castle
10:21 Town Hall
11:16 Farm
14:19 Workshop
17:50 Town Hall
» items
| Potion of Healing | 1 | |
| Scroll of Town Portal | 1 | |
| Scroll of Regeneration | 1 | |
3 total
Chat log
(00:12 / All) CHRONICtOKE.: CLAN TOKE!
(00:12 / Allies) 1stTime: purp is a bitch - just play and we win
(00:15 / All) CHRONICtOKE.: HILARY CLAN TOKE!
(00:46 / Allies) 1stTime: archer to chims hard
(00:53 / All) 49er: MY PRESIDENT IS WHITE
(00:54 / Allies) 1stTime: wow
(01:03 / Allies) 1stTime: im game its 2 v 4 tho
(01:20 / Allies) DAK-: we might get lucky
(01:23 / Allies) 1stTime: sure
(01:31 / Allies) DAK-: jeeez
(01:32 / Allies) 1stTime: o ya
(01:38 / Allies) 1stTime: thats what i ment
(02:27 / All) 49er: HOPING FOR THE BEST BUT EXPECTING THE WORST
(02:31 / All) 49er: ARE YOU GONNA DROP THE BOMB OR NOT?
(02:32 / Allies) 1stTime: wanna feed purp
(02:42 / All) 49er: FOREVER YOUNG
(02:48 / All) 49er: I WANT TO BE FOREVER YOUNG
(02:55 / All) 49er: DO YOU REALLY WANNA LIVE FOREVER?
(03:03 / All) 49er: FOREVER AND EVER
(03:06 / All) 49er: FOREVER YOUNG!
(03:09 / All) 49er: I WANT TO BE, FOREVER YOUNG!
(03:14 / Allies) 1stTime: you parents are not proud of you are theyĆ
(03:15 / All) 49er: DO YOU REALLY WANT TO LIVE FOREVER?
(03:19 / All) 49er: FOREVER YOUNG
(03:30 / Allies) 49er: mommy proud of me she gives me so many good boy points
(03:38 / Allies) 1stTime: perfect
(08:02 / Allies) 49er: blue took your tome lol
(08:03 / Allies) 49er: and you left item
(08:04 / Allies) 49er: lol
(08:12 / Allies) 49er: wand of wind sux?
(08:42 / Allies) 49er: >mfw people leave they items -_-
(08:57 / Allies) 49er: >mfw people lead with hurt units -_-
(09:15 / Allies) 49er: blue take all tomes lol even when he don't creep it
(09:21 / Allies) 1stTime: MIGHT AS WELL
(09:25 / Allies) 49er: blue hungry hungry hippo
(10:43 / Allies) DAK-: take
(10:46 / Allies) 1stTime: have
(10:49 / Allies) DAK-: ok
(11:08 / Allies) 1stTime: wood pls
(15:49 / Allies) 1stTime: its ok
(15:50 / Allies) 1stTime: can u mass aa
(18:18 / Allies) 1stTime: can ua heal
(18:19 / Allies) 1stTime: me
(18:28 / Allies) DAK-: take thois
(18:47 / Allies) DAK-: here
(25:35 / Allies) DAK-: niceeee
(25:37 / Allies) DAK-: i saw
(25:39 / Allies) DAK-: lol
(25:54 / All) 1stTime: you do realize this is 2 v 4
(26:29 / Allies) DAK-: i have voodo
(26:52 / Allies) 1stTime: gj
(26:57 / Allies) DAK-: yessa
(29:01 / Allies) DAK-: yellow u should rebuild4
(29:06 / Allies) 1stTime: i cant
(29:20 / Allies) DAK-: ur wisps
(29:50 / Allies) DAK-: those two are the promlme
(29:53 / Allies) DAK-: problems
(29:59 / Allies) 1stTime: were ok
(30:04 / Allies) 1stTime: they cant kil l purp anyway
(30:10 / Allies) DAK-: true
(33:33 / All) DAK-: GG
(33:39 / All) 1stTime: was it
(33:49 / Allies) DAK-: we woned
(33:52 / Allies) DAK-: owned
(33:56 / Allies) 1stTime: ; )
(33:58 / Allies) 1stTime: gj
(34:42 / All) 1stTime: why
(40:25 / All) 49er: I would have tked but yellow didn't kill me
(40:41 / Allies) 1stTime: i like Hyde
(40:49 / All) 49er: Sam Hyde?
(40:51 / Allies) 1stTime: so i cant tk
(40:55 / Allies) 1stTime: Carlos
(41:00 / Allies) 1stTime: from the 49ers...
(41:04 / All) 49er: oh
(41:10 / All) 49er: my name not a football reference
(41:20 / Allies) 1stTime: i see
(41:25 / All) 49er: 49ers, gold miners geddit